Unix NetHack Version 5.0.0-0 post-release - last build Jun 10 2026 00:39:30 (3ee93aec679c4c4259841fe613dc97188e26a321,branch:main).

Game began 2026-06-17 03:16:29, ended 2026-06-17 03:30:50.

Kwijibo4686, neutral female human Valkyrie

 --------
 |......|     ------------                                   ---------
 |.......#    |..........|                                #e#%)%*....|
 |......|#    |...........##                             #@  |>).%...|
 |.>...{|#    |..........| #                         ####)he%).......|
 --------#    |..........| #                             #   ---.-----
         #    |...........###############                #      ###
       ###    ----|-----.-####----.-----.-----           #        ##
       #    ##### # ######## #|..............|           #         #
       #    #   #            #|..............|           #         #
      ##   ##   ######       #|...............#          #     ----|--
      #----)-----    ####  ###-..............|#          #     |..)..|
      #|........|       ###*  ----------------#   ------ #     |!?!)(|
      #|........|                             #   |<...| #     |?++..|
      #.........|                             ####.....|##     |?*=(?|
       ----------                                 |....-#      |***?(|
                                                  ------       -------

Kwijibo4686 the Skirmisher  St:17 Dx:13 Co:18 In:9 Wi:10 Ch:8  Neutral
Dlvl:3  $:148 HP:0(44) Pw:18(18) AC:4  Xp:5 T:2692 

Latest messages:
 There are several objects here.
 You hit the orc zombie!
 The orc zombie hits!
 You destroy the orc zombie!
 There is an open door here.
 You see here an orc corpse.
 The orc zombie misses!
 You see here an orcish dagger.
 You hit the orc zombie!
 The orc zombie hits!
 You miss the orc zombie.
 The orc zombie hits!
 You destroy the orc zombie!
 You climb up the stairs.
 Double run prefix, canceled.
 You hear water falling on coins.
 You see here an axe.
 t - a clear potion.
 "Velkommen, Kwijibo4686!  Welcome again to Annootok's general store!"
 "Will you please leave your pick-axe outside?"
 You hear the chime of a cash register.
 u - a scroll labeled XIXAXA XOXAXA XUXAXA.
 You see here a locked chest.
 You descend the stairs.
 You see here an orcish dagger.
 You hit the floating eye!
 You are frozen by the floating eye's gaze!
 The hobbit picks up an orcish helm.
 The hobbit thrusts her dagger.
 The hobbit hits!
 The hobbit thrusts her dagger.
 The hobbit hits!
 The hobbit thrusts her dagger.
 The hobbit hits!
 The hobbit thrusts her dagger.
 The hobbit hits!
 The hobbit thrusts her dagger.
 The hobbit hits!
 The hobbit thrusts her dagger.
 The hobbit hits!
 The hobbit thrusts her dagger.
 The hobbit hits!
 The hobbit thrusts her dagger.
 The hobbit hits!
 You die...
 Do you want your possessions identified? [ynq] (y) y
 Do you want to see your attributes? [ynq] (y) y
 Do you want an account of creatures vanquished? [ynaq] (y) y
 Do you want to see your conduct and achievements? [ynq] (y) y
 Do you want to see the dungeon overview? [ynq] (y) y

Inventory:
 Coins    ('$')
  $ - 148 gold pieces
 Weapons  (')')
  a - a +1 spear (weapon in right hand)
 Armor    ('[')
  r - a cursed +0 dwarvish iron helm
  n - an uncursed +3 orcish helm
  l - an uncursed +0 pair of iron shoes (being worn)
  c - an uncursed +3 small shield (being worn)
 Comestibles  ('%')
  s - an uncursed tripe ration
 Scrolls  ('?')
  k - a blessed scroll of confuse monster
  u - an uncursed scroll of confuse monster
  o - an uncursed scroll of identify
  q - an uncursed scroll of remove curse
 Potions  ('!')
  h - an uncursed potion of fruit juice
  t - an uncursed potion of water
 Rings    ('=')
  i - an uncursed +2 ring of adornment
 Tools    ('(')
  f - a cursed tooled horn
  m - a +0 pick-axe

Kwijibo4686 the Valkyrie's attributes:

Background:
 You were a Skirmisher, a level 5 human Valkyrie.
 You were neutral, on a mission for Odin
 who was opposed by Tyr (lawful) and Loki (chaotic).
 You were right-handed.
 You were in the Dungeons of Doom, on level 3.
 You entered the dungeon 2692 turns ago.
 It was nighttime.
 There was a new moon in effect when your adventure ended.
 You had 289 experience points, 31 more were needed to attain level 6.

Basics:
 You had 0 out of 44 hit points.
 You had all 18 energy points (spell power).
 Your armor class was 4.
 Your wallet contained 148 zorkmids.
 Autopickup was on for '$?!/="' plus thrown.

Final Characteristics:
 Your strength was 17 (limit:18/100).
 Your dexterity was 13 (limit:18).
 Your constitution was 18 (limit:18).
 Your intelligence was 9 (limit:18).
 Your wisdom was 10 (limit:18).
 Your charisma was 8 (limit:18).

Final Status:
 You weren't hungry.
 You were unencumbered.
 You were wielding a spear.
 You were skilled in spear.

Final Attributes:
 You were piously aligned.
 You were cold resistant.
 You were stealthy.
 You are dead.

Miscellaneous:
 You didn't encounter any bones levels.
 Total elapsed playing time was 14 minutes and 20 seconds.

Major events:
 Turn
    1: Kwijibo4686 the neutral human Valkyrie entered the dungeon
  881: attained the rank of Skirmisher (level 3)
 1157: entered the Gnomish Mines
 2692: killed by a hobbit, while frozen by a floating eye's gaze

You didn't know any spells.

Skills:
 Fighting Skills
   bare handed combat [Unskilled]
   two weapon combat  [Unskilled]
   riding             [Unskilled]
 Weapon Skills
   dagger             [Basic]
   axe                [Unskilled]
   pick-axe           [Unskilled]
   short sword        [Unskilled]
   broadsword         [Unskilled]
   long sword         [Unskilled]
   two-handed sword   [Unskilled]
   saber              [Unskilled]
   hammer             [Unskilled]
   quarterstaff       [Unskilled]
   polearms           [Unskilled]
   spear              [Skilled]
   trident            [Unskilled]
   lance              [Unskilled]
   sling              [Unskilled]
 Spellcasting Skills
   attack spells      [Unskilled]
   escape spells      [Unskilled]

Voluntary challenges:
 Character rerolling was not enabled.
 You were illiterate.
 You never genocided any monsters.
 You never polymorphed an object.
 You never changed form.
 You used no wishes.
Achievements:
 You entered a shop.
 You attained the rank of Skirmisher.
 You entered the Gnomish Mines.

 The Dungeons of Doom: levels 1 to 5
    Level 1:
    Level 2:
       A general store, a fountain.
    Level 3: <- You were here.
       A general store, a fountain.
       Stairs down to The Gnomish Mines.
       Final resting place for
          you, killed by a hobbit, while frozen by a floating eye's gaze.
    Level 4:
    Level 5:
 The Gnomish Mines:
    Level 4:


Vanquished creatures:
  a rock piercer
  a shrieker
  a gnome leader
  a giant ant
  a little dog
  a floating eye
  2 dwarves
  a kobold leader
  4 hill orcs
  a giant bat
  5 orc zombies
  a werejackal
 an iguana
  2 hobbits
  a hobgoblin
  a cave spider
  a brown mold
  a yellow mold
 10 gnomes
  a gecko
  5 jackals
  a fox
  2 kobolds
  2 goblins
  6 sewer rats
  5 grid bugs
  5 lichens
  8 newts
72 creatures vanquished.

No species were genocided or became extinct.

Game over:
                       ----------
                      /          \
                     /    REST    \
                    /      IN      \
                   /     PEACE      \
                  /                  \
                  |   Kwijibo4686    |
                  |      148 Au      |
                  |   killed by a    |
                  |      hobbit      |
                  |                  |
                  |                  |
                  |       2026       |
                 *|     *  *  *      | *
        _________)/\\_//(\/(/\)/\//\/|_)_______

Farvel Kwijibo4686 the Valkyrie...

You died in The Dungeons of Doom on dungeon level 3 with 1490 points,
and 148 pieces of gold, after 2692 moves.
You were level 5 with a maximum of 44 hit points when you died.

